General information
- name: BNet
- type: Ladder team game (AT/RT)
- host: Battle.net
- saver: supergenius1993
map: TwistedMeadows
- players: 4
- length: 16:59
- speed: Fast
- version: 1.24 W3XP
- replay type: Public
» download(117 KB)
Players
team 1 (winner)

»
Nbiz.low (
red | 109 APM | 1858 actions | 16:58)
5 Demon Hunter
3 Mana Burn
2 Evasion
4 Pandaren Brewmaster
2 Breath of Fire
2 Drunken Haze
» actions
| Assign group hotkey | 63 | |
| Basic commands | 139 | |
| Build / train | 72 | |
| Enter build submenu | 27 | |
| Enter hero's abilities submenu | 10 | |
| Give item / drop item | 2 | |
| Remove unit from queue | 1 | |
| Right click | 653 | |
| Select / deselect | 480 | |
| Select group hotkey | 326 | |
| Use ability | 85 | |
1858 total
» units
| Wisp | 12 | |
| Huntress | 3 | |
| Dryad | 11 | |
| Druid of the Claw | 2 | |
28 total
» upgrades
| Abolish Magic | 1 | |
| Druid of the Claw Training | 2 | |
| Strength of the Wild | 2 | |
| Ultravision | 1 | |
| Well Spring | 1 | |
| Reinforced Hides | 1 | |
| Mark of the Claw | 1 | |
9 total
» buildings
| Altar of Elders | 2 | |
| Moon Well | 6 | |
| Hunter's Hall | 1 | |
| Ancient of War | 1 | |
| Tree of Ages | 4 | |
| Ancient of Wonders | 1 | |
| Ancient of Lore | 3 | |
| Tree of Eternity | 2 | |
20 total
» build order
00:07 Altar of Elders
00:10 Altar of Elders
00:20 Moon Well
01:54 Hunter's Hall
01:59 Ancient of War
02:09 Moon Well
03:03 Tree of Ages
03:03 Tree of Ages
03:03 Tree of Ages
03:17 Moon Well
05:46 Ancient of Wonders
05:48 Ancient of Lore
05:50 Ancient of Lore
06:11 Ancient of Lore
08:24 Tree of Eternity
08:24 Tree of Eternity
08:54 Moon Well
13:42 Moon Well
13:42 Moon Well
» items
| Boots of Speed | 3 | |
| Staff of Preservation | 1 | |
| Orb of Venom | 1 | |
5 total
supergenius1993 (
pink | 157 APM | 2666 actions | 16:59)
8 Dreadlord
3 Sleep
3 Vampiric Aura
1 Inferno
1 Carrion Swarm
» actions
| Assign group hotkey | 131 | |
| Basic commands | 316 | |
| Build / train | 70 | |
| ESC pressed | 1 | |
| Enter build submenu | 45 | |
| Enter hero's abilities submenu | 8 | |
| Right click | 888 | |
| Select / deselect | 449 | |
| Select group hotkey | 691 | |
| Use ability | 67 | |
2666 total
» units
| Acolyte | 2 | |
| Ghoul | 30 | |
| Meatwagon | 5 | |
| Abomination | 6 | |
43 total
» upgrades
| Unholy Strength | 2 | |
| Ghoul Frenzy | 1 | |
| Disease Cloud | 1 | |
| Cannibalize | 1 | |
| Unholy Armor | 1 | |
6 total
» buildings
| Crypt | 1 | |
| Graveyard | 2 | |
| Altar of Darkness | 1 | |
| Ziggurat | 7 | |
| Tomb of Relics | 3 | |
| Halls of the Dead | 3 | |
| Black Citadel | 2 | |
| Slaughterhouse | 2 | |
| Spirit Tower | 1 | |
22 total
» build order
00:05 Crypt
00:11 Graveyard
00:12 Graveyard
00:34 Altar of Darkness
00:46 Ziggurat
01:16 Tomb of Relics
01:17 Tomb of Relics
01:20 Tomb of Relics
01:43 Ziggurat
01:45 Ziggurat
01:48 Ziggurat
03:05 Halls of the Dead
03:06 Halls of the Dead
03:06 Halls of the Dead
03:48 Ziggurat
05:27 Black Citadel
05:33 Slaughterhouse
06:24 Ziggurat
07:22 Spirit Tower
08:55 Slaughterhouse
16:13 Ziggurat
» items
| Rod of Necromancy | 2 | |
| Scroll of Town Portal | 1 | |
| Scroll of Healing | 1 | |
4 total
team 2 (loser)
Gossamer (
blue | 77 APM | 1311 actions | 16:57)
5 Archmage
3 Summon Water Elemental
2 Brilliance Aura
2 Mountain King
1 Storm Bolt
1 Bash
1 Paladin
1 Holy Light
» actions
| Basic commands | 53 | |
| Build / train | 73 | |
| Enter build submenu | 24 | |
| Enter hero's abilities submenu | 8 | |
| Give item / drop item | 1 | |
| Right click | 605 | |
| Select / deselect | 455 | |
| Use ability | 92 | |
1311 total
» units
| Peasant | 14 | |
| Footman | 5 | |
| Forest Troll Shadow Priest | 1 | |
| Rifleman | 7 | |
| Priest | 2 | |
| Mortar Team | 1 | |
| Spell Breaker | 3 | |
| Sorceress | 2 | |
| Knight | 1 | |
36 total
» upgrades
| Gunpowder | 1 | |
| Defend | 1 | |
| Lumber Harvesting | 1 | |
| Animal War Training | 1 | |
4 total
» buildings
| Altar of Kings | 1 | |
| Farm | 7 | |
| Barracks | 3 | |
| Arcane Vault | 1 | |
| Scout Tower | 5 | |
| Arcane Tower | 2 | |
| Blacksmith | 1 | |
| Lumber Mill | 1 | |
| Keep | 2 | |
| Town Hall | 1 | |
| Guard Tower | 3 | |
| Castle | 1 | |
| Arcane Sanctum | 1 | |
| Workshop | 1 | |
30 total
» build order
00:06 Altar of Kings
00:07 Farm
00:36 Barracks
01:06 Farm
01:41 Arcane Vault
03:06 Farm
03:21 Scout Tower
04:14 Arcane Tower
04:37 Blacksmith
04:45 Lumber Mill
05:02 Barracks
05:04 Barracks
05:19 Keep
06:01 Keep
06:09 Town Hall
06:13 Scout Tower
06:16 Scout Tower
06:48 Arcane Tower
06:49 Guard Tower
06:52 Scout Tower
06:55 Scout Tower
07:21 Guard Tower
07:23 Guard Tower
07:34 Farm
10:28 Castle
10:30 Arcane Sanctum
11:04 Workshop
11:38 Farm
11:39 Farm
13:02 Farm
» items
| Scroll of Regeneration | 4 | |
| Lesser Clarity Potion | 4 | |
| Scroll of Town Portal | 3 | |
| Potion of Healing | 1 | |
| Scroll of Healing | 1 | |
| Potion of Lesser Invulnerability | 1 | |
14 total
SMURFINAINTEASY (
orange | 120 APM | 2000 actions | 16:41)
3 Keeper of the Grove
2 Entangling Roots
1 Thorns Aura
1 Naga Sea Witch
1 Frost Arrows
» actions
| Assign group hotkey | 38 | |
| Basic commands | 26 | |
| Build / train | 45 | |
| ESC pressed | 1 | |
| Enter build submenu | 15 | |
| Enter hero's abilities submenu | 5 | |
| Right click | 1428 | |
| Select / deselect | 251 | |
| Select group hotkey | 154 | |
| Use ability | 37 | |
2000 total
» units
» upgrades
| Strength of the Moon | 1 | |
| Moon Armor | 1 | |
2 total
» buildings
| Altar of Elders | 1 | |
| Moon Well | 5 | |
| Hunter's Hall | 1 | |
| Ancient of War | 2 | |
| Tree of Ages | 1 | |
| Ancient of Lore | 4 | |
14 total
» build order
00:12 Altar of Elders
00:17 Moon Well
01:31 Hunter's Hall
01:57 Ancient of War
02:08 Moon Well
02:25 Ancient of War
02:46 Moon Well
05:33 Moon Well
06:25 Tree of Ages
09:19 Ancient of Lore
09:21 Ancient of Lore
11:26 Ancient of Lore
11:31 Ancient of Lore
13:56 Moon Well
Chat log
(00:30 / Allies) Nbiz.low: good luck
(00:41 / Allies) Nbiz.low: plz make many unit
(00:52 / Allies) supergenius1993: im going dragons
(01:04 / Allies) Nbiz.low: it is difficult
(05:39 / Allies) supergenius1993: shop
(07:13 / Allies) supergenius1993: creep separate now
(07:16 / All) supergenius1993: scout
(07:18 / Allies) supergenius1993: scout hu for expo
(07:18 / Allies) supergenius1993: plz
(09:09 / Allies) supergenius1993: go hit human
(09:10 / Allies) supergenius1993: i kill elf hall
(11:30 / Allies) supergenius1993: hit hu hit hu
(11:33 / Allies) supergenius1993: he tped
(12:34 / Allies) supergenius1993: gd ur fucking useless man
(12:39 / Allies) Nbiz.low: ;;
(12:47 / Allies) supergenius1993: thast why i hate niggers
(12:49 / Allies) supergenius1993: from 3rd world countrys
(12:52 / Allies) supergenius1993: ur education shstem
(12:56 / Allies) supergenius1993: doesnt teach u to have a FuCKING BRAIN
(13:29 / Allies) supergenius1993: ur so pathetic
(13:35 / Allies) Nbiz.low: ok
(13:37 / Allies) supergenius1993: WHEN DID I TELL YOU
(13:39 / All) supergenius1993: TO SCOUT HIS EXPO
(13:40 / All) supergenius1993: YOU FUCKING NIGGER